 Dungeon Crawl Stone Soup version 0.30.1-8-g117510f58f (webtiles) character file.

Game seed: 1149601203065305041

189 monsoonserge the Slasher (level 5, 0/42 HPs)
             Began as a Demonspawn Monk on Sept 22, 2023.
             Slain by a gnoll
             ... wielding a +0 flail
              (11 damage)
             ... on level 2 of the Dungeon.
             The game lasted 00:03:30 (1975 turns).

monsoonserge the Slasher (Demonspawn Monk)          Turns: 1975, Time: 00:03:30

Health: 0/42       AC:  6    Str: 12    XL:     5   Next: 40%
Magic:  5/5        EV: 11    Int: 11    God:
Gold:   58         SH:  0    Dex: 17    Spells: 4/4 levels left

rFire   . . .        v - +4 quarterstaff (chaos)
rCold   . . .        (shield currently unavailable)
rNeg    . . .        e - +0 ring mail
rPois   .            (helmet restricted)
rElec   .            w - +0 cloak
rCorr   +            (no gloves)
SInv    .            (no boots)
Will    +....        (no amulet)
Stlth   +            g - ring of resist corrosion
HPRegen 0.27/turn    o - ring of willpower
MPRegen 0.09/turn

%: no passive effects
@: lethally poisoned (0 -> -3)
A: antennae 1, demonic guardian 1, powered by pain 1
a: no special abilities


You were on level 2 of the Dungeon.
You visited 1 branch of the dungeon, and saw 3 of its levels.

You collected 58 gold pieces.

Inventory:

Hand Weapons
 a - a +0 falchion
 v - a +4 quarterstaff of chaos (weapon)
Armour
 b - a +0 robe
 d - an orb of light
 e - a +0 ring mail (worn)
 n - a +0 leather armour
 q - a +0 chain mail
 w - a +0 cloak (worn)
Magical Staves
 s - a staff of cold
Jewellery
 g - a ring of resist corrosion (left hand)
 m - an amulet of faith
 o - a ring of willpower (right hand)
Wands
 l - a wand of digging (9)
Scrolls
 f - 4 scrolls of identify {unknown}
 k - a scroll of vulnerability {unknown}
 p - a scroll of teleportation {unknown}
 t - a scroll of immolation {unknown}
Potions
 c - a potion of ambrosia
 h - 5 potions of mutation {unknown}
 i - 2 potions of degeneration {unknown}
 j - a potion of cancellation {unknown}
 r - a potion of curing {unknown}
 u - a potion of haste {unknown}


   Skills:
 + Level 3.9 Fighting
 + Level 4.1 Long Blades
 + Level 1.1 Staves
 + Level 1.8 Armour
 + Level 3.0 Dodging


You had 4 spell levels left.
You didn't know any spells.
Your spell library was empty.

Dungeon Overview and Level Annotations

Branches:
Dungeon (3/15)

Altars:

Annotations:
D:3 Grinder


Innate Abilities, Weirdness & Mutations

You have a pair of small antennae on your head.
A weak demonic guardian rushes to your aid.
You sometimes gain a little power by taking damage.


Message History

You hit Grinder. Lightning courses through Grinder!
Grinder is heavily wounded.
Grinder gestures at you.
You suddenly lose the ability to move!
A gnoll comes into view. It is wielding a +0 spear.
The adder bites you.
You are poisoned.
The adder poisons you! Grinder gestures at you. You resist with some effort.
You feel sick. The adder bites you. Grinder gestures at you.
Pain shoots through your body!
You can move again.
You feel sick. The dart slug launches a dart at you. The slug dart hits you.
The adder attacks as you move away! The adder barely misses you.
You feel sick.
Grinder says, "DUCK!"
The adder bites you but does no damage.
You feel sick.
You feel sick.
Grinder says, "FISH!"
You feel sick.
Grinder says, "DUCK!"
Grinder blinks!
There is a stone staircase leading up here.
You feel sick.
You are no longer poisoned.
The adder bites you but does no damage. The adder barely misses you.
The gnoll hits you from afar with a +0 halberd!
The gnoll hits you with a +0 flail.
You climb upwards.
There is a stone staircase leading down here.
You barely miss the adder. The adder bites you.
You are poisoned.
The adder poisons you! The gnoll hits you with a +0 flail.
You closely miss the adder.
You feel sick. The adder bites you but does no damage.
The gnoll hits you with a +0 flail!
You die...

..#.# #.##### .##.# ##### #.....#
.##.# #.#.# #####.# #### .##.##
#.#.# #.# #... .....# #.#.# #.#
#.## .....# #.#.# #.####.##
..†..# #.#.# #......##
#....#####.#.####################
#..........#...g@S.......# #.
#....#######..##########.# #.
###...........#.(......#.# #.
#...........#....).#.#.# #.
#...........######.#[#.#### #.
#.........................## #.
#........).#######.##......# #.
#..................##.)....# #.
#........)###########......# #.


You could see a gnoll and an adder.

Vanquished Creatures
  Crazy Yiuf (D:2)
  An orc priest (D:3)
  A hound (D:3)
  An orc wizard (D:3)
  2 adders
  2 worms
  2 dart slugs
  6 orcs (D:3)
  2 ball pythons
  A bat (D:1)
  3 endoplasms
  2 giant cockroaches
  4 goblins
  4 hobgoblins
  7 kobolds
  3 quokkas
  2 frilled lizards
  3 rats
47 creatures vanquished.

Notes
Turn   | Place    | Note
-------+----------+-------------------------------------------
     0 | D:1      | monsoonserge the Demonspawn Monk began the quest for the
                  | Orb.
     0 | D:1      | Reached XP level 1. HP: 18/18 MP: 1/1
   138 | D:1      | Gained mutation: You have a pair of small antennae on your
                  | head. [demonic ancestry]
   138 | D:1      | Reached XP level 2. HP: 20/24 MP: 2/2
   634 | D:2      | Reached skill level 3 in Long Blades
   664 | D:2      | Gained mutation: You sometimes gain a little power by
                  | taking damage. [demonic ancestry]
   664 | D:2      | Reached XP level 3. HP: 18/30 MP: 3/3
  1575 | D:2      | Found a runed translucent door.
  1576 | D:2      | Noticed Crazy Yiuf
  1689 | D:2      | Killed Crazy Yiuf
  1690 | D:2      | Reached skill level 1 in Armour
  1690 | D:2      | Reached XP level 4. HP: 26/37 MP: 4/4
  1841 | D:3      | Reached skill level 4 in Long Blades
  1841 | D:3      | Gained mutation: A weak demonic guardian rushes to your
                  | aid. [demonic ancestry]
  1841 | D:3      | Reached XP level 5. HP: 26/42 MP: 5/5
  1856 | D:3      | Reached skill level 1 in Staves
  1958 | D:3      | Noticed Grinder
  1965 | D:3      | Paralysed by Grinder for 2 turns
  1975 | D:2      | Slain by a gnoll

Illustrated notes

Levels and vault maps discovered:
D:1:      tarquinn_simple_flora_water_c, layout_rooms, serial_forest,
          infiniplex_forest_lined_room_2, infiniplex_forest_lined_room_,
          infiniplex_forest_lined_3, infiniplex_forest_end_3,
          infiniplex_forest_lined_ring, infiniplex_forest_lined_corner,
          infiniplex_forest_zigzag_2, infiniplex_forest_fountain
D:2:      layout_basic, uniq_crazy_yiuf_cottage
D:3:      layout_rooms, serial_glass, glass_columns_a, glass_columns_a,
          uniq_grinder

Skill      XL: |  1  2  3  4  5 |
---------------+----------------+-----
Long Blades    | 3 4 |  4.1
Armour         | 1 |  1.8
Dodging        | 3 |  3.0
Staves         | 1 |  1.1
Fighting       | |  3.9

Action                     |  1- 3 |  4- 6 || total
---------------------------+-------+-------++-------
  Melee: Falchion          |    67 |       ||    67
         Quarterstaff      |       |    39 ||    39
 Armour: Ring mail         |    23 |    17 ||    40
  Dodge: Dodged            |    38 |    23 ||    61
